3AAA
CORPUS CHRISTI TWINS @ AUGUSTA TIMBER HAWKS
08/25/2018
 
TOP OF THE 1ST
Corpus Christi Twins batting - Pitching for Augusta Timber Hawks : RHP Norm Burris
Pitching: RHP Norm Burris
Batting: RHB John Howell 0-0: Called Strike
0-1: Ball
1-1: Foul Ball, location: 2F
Reached via error on a dropped throw, E3
Batting: LHB Tim Hill 0-0: Called Strike
0-1: Ball
1-1: Fly out, F6 (Popup, 78S)
Batting: RHB Gonzalo Núñez 0-0: Ball
John Howell steals 2nd base
1-0: Ball
2-0: Foul Ball, location: 2F
2-1: SINGLE (Groundball, 6M)
John Howell to third
Runner from 3rd tries for Home, SAFE, no throw or cutoff
Batting: RHB Bill McCarty 0-0: Foul Ball, location: 2F
0-1: Called Strike
0-2: Foul Ball, location: 2F
0-2: Ball
1-2: Strikes out looking
Batting: LHB Juan Durán 0-0: Ball
Gonzalo Núñez is caught stealing 2nd base
Top of the 1st over - 1 run(s), 1 hit(s), 1 error(s), 0 left on base; Corpus Christi 1 - Augusta 0
BOTTOM OF THE 1ST
Augusta Timber Hawks batting - Pitching for Corpus Christi Twins : RHP Allen Wilson
Pitching: RHP Allen Wilson
Batting: RHB Billy Strauss 0-0: Ball
1-0: Ball
2-0: Bunt for hit - play at first, batter OUT! 1-4
Batting: SHB José Salazar 0-0: Called Strike
0-1: Called Strike
0-2: Strikes out swinging
Batting: RHB Bob Dickerson 0-0: Ball
1-0: Foul Ball, location: 2F
1-1: Called Strike
1-2: Ball
2-2: Ball
3-2: Base on Balls
Batting: RHB Rob Young 0-0: Swinging Strike
0-1: Foul Ball, location: 2F
0-2: Strikes out swinging
Bottom of the 1st over - 0 run(s), 0 hit(s), 0 error(s), 1 left on base; Corpus Christi 1 - Augusta 0
TOP OF THE 2ND
Corpus Christi Twins batting - Pitching for Augusta Timber Hawks : RHP Norm Burris
Batting: LHB Juan Durán 0-0: Ball
1-0: Ball
2-0: TRIPLE (Flyball, 8RM)
Batting: RHB Daniel Cooper 0-0: Ball
1-0: Ground out U3 (Groundball, 3S)
Batting: LHB Don Sullivan 0-0: Called Strike
0-1: Ball
1-1: Reached on error, E6 (Groundball, 6M)
Juan Durán scores
Batting: LHB Curtis Peters 0-0: Ball
1-0: Ball
2-0: Ball
3-0: Called Strike
3-1: Fielders Choice at 2nd, 1-6 (Groundball, 15)
Batting: RHB Júlio Santos 0-0: Called Strike
0-1: Fielders Choice at 2nd, U6 (Groundball, 6M)
Top of the 2nd over - 1 run(s), 1 hit(s), 1 error(s), 1 left on base; Corpus Christi 2 - Augusta 0
BOTTOM OF THE 2ND
Augusta Timber Hawks batting - Pitching for Corpus Christi Twins : RHP Allen Wilson
Batting: RHB Dave Bush 0-0: DOUBLE (Groundball, 5L)
Pitching: RHP Benjamin Booth
Batting: SHB Tom Montgomery 0-0: Ball
1-0: Ball
2-0: Ball
3-0: Called Strike
3-1: Base on Balls
Batting: RHB Phil Hayes 0-0: Called Strike
0-1: Ball
1-1: Foul Ball, location: 2F
1-2: Fly out, F9 (Flyball, 9S)
Batting: RHB Juan Banda 0-0: Ball
1-0: SINGLE (Line Drive, 6MD)
Dave Bush to third
Tom Montgomery to second
Runner from 3rd tries for Home, SAFE, no throw or cutoff
Batting: LHB Jerry Burnett 0-0: Grounds into double play, 4-6-3 (Groundball, 34)
Bottom of the 2nd over - 1 run(s), 2 hit(s), 0 error(s), 1 left on base; Corpus Christi 2 - Augusta 1
TOP OF THE 3RD
Corpus Christi Twins batting - Pitching for Augusta Timber Hawks : RHP Norm Burris
Batting: RHB John Howell 0-0: Ball
1-0: Foul Ball, location: 2F
1-1: Foul Ball, location: 2F
1-2: Fly out, F8 (Flyball, 8LM)
Batting: LHB Tim Hill 0-0: Ball
1-0: Foul Ball, location: 2F
1-1: Ball
2-1: Swinging Strike
2-2: Strikes out swinging
Batting: RHB Gonzalo Núñez 0-0: Ball
1-0: Ball
2-0: Foul Ball, location: 2F
2-1: Ground out 3-1 (Groundball, 34)
Top of the 3rd over - 0 run(s), 0 hit(s), 0 error(s), 0 left on base; Corpus Christi 2 - Augusta 1
BOTTOM OF THE 3RD
Augusta Timber Hawks batting - Pitching for Corpus Christi Twins : RHP Benjamin Booth
Batting: RHB Billy Strauss 0-0: Ball
1-0: Ball
2-0: Called Strike
2-1: Foul Ball, location: 2F
2-2: SINGLE (Groundball, 4MD)
Batting: SHB José Salazar 0-0: Ball
1-0: Called Strike
1-1: Called Strike
1-2: Foul Ball, location: 2F
1-2: Ball
2-2: Foul Ball, location: 2F
2-2: Foul Ball, location: 2F
2-2: Fly out, F7 (Flyball, 7M)
Batting: RHB Bob Dickerson 0-0: Ball
1-0: Ball
2-0: Called Strike
2-1: Ball
3-1: Foul Ball, location: 2F
3-2: Ground out 5-3 (Groundball, 5S)
Billy Strauss to second
Batting: RHB Rob Young 0-0: SINGLE (Groundball, 34D)
Billy Strauss to third
Runner from 3rd tries for Home, SAFE, no throw or cutoff
Batting: RHB Dave Bush 0-0: Ball
1-0: Foul Ball, location: 2F
1-1: Fly out, F5 (Line Drive, 5)
Bottom of the 3rd over - 1 run(s), 2 hit(s), 0 error(s), 1 left on base; Corpus Christi 2 - Augusta 2
TOP OF THE 4TH
Corpus Christi Twins batting - Pitching for Augusta Timber Hawks : RHP Norm Burris
Batting: RHB Bill McCarty 0-0: Ball
1-0: Called Strike
1-1: Called Strike
1-2: Fly out, F9 (Flyball, 9LMF)
Batting: LHB Juan Durán 0-0: Ball
1-0: Called Strike
1-1: Foul Ball, location: 2F
1-2: SINGLE (Line Drive, 9S)
Batting: RHB Daniel Cooper 0-0: Ball
1-0: Foul Ball, location: 2F
1-1: Called Strike
1-2: Strikes out looking
Juan Durán steals 2nd base
Batter strikes out.
Batting: LHB Don Sullivan 0-0: Swinging Strike
0-1: Ball
1-1: Ball
2-1: Ball
3-1: Swinging Strike
3-2: Strikes out looking
Top of the 4th over - 0 run(s), 1 hit(s), 0 error(s), 1 left on base; Corpus Christi 2 - Augusta 2
BOTTOM OF THE 4TH
Augusta Timber Hawks batting - Pitching for Corpus Christi Twins : RHP Benjamin Booth
Batting: SHB Tom Montgomery 0-0: SINGLE (Groundball, 13) (infield hit)
Batting: RHB Phil Hayes 0-0: Called Strike
0-1: Foul Ball, location: 2F
0-2: Foul Ball, location: 2F
0-2: Ball
1-2: Ball
2-2: Fly out, F8 (Flyball, 8RM)
Batting: RHB Juan Banda 0-0: Fly out, F4 (Popup, 4)
Batting: LHB Jerry Burnett 0-0: Fly out, F5 (Popup, 5DF)
Bottom of the 4th over - 0 run(s), 1 hit(s), 0 error(s), 1 left on base; Corpus Christi 2 - Augusta 2
TOP OF THE 5TH
Corpus Christi Twins batting - Pitching for Augusta Timber Hawks : RHP Norm Burris
Batting: LHB Curtis Peters 0-0: SINGLE (Line Drive, 56D)
Batting: RHB Júlio Santos 0-0: Ball
Curtis Peters steals 2nd base
1-0: Ball
2-0: SINGLE (Line Drive, 3D)
Curtis Peters to third
Runner from 3rd tries for Home, throw and OUT!
Batting: RHB John Howell 0-0: Ball
1-0: Grounds into double play, 6-4-3 (Groundball, 6)
Top of the 5th over - 0 run(s), 2 hit(s), 0 error(s), 0 left on base; Corpus Christi 2 - Augusta 2
BOTTOM OF THE 5TH
Augusta Timber Hawks batting - Pitching for Corpus Christi Twins : RHP Benjamin Booth
Batting: RHB Billy Strauss 0-0: Swinging Strike
0-1: Ball
1-1: Foul Ball, location: 2F
1-2: Fly out, F9 (Flyball, 9M)
Batting: SHB José Salazar 0-0: Ball
1-0: Ball
2-0: Called Strike
2-1: Ball
3-1: Foul Ball, location: 2F
3-2: Strikes out swinging
Pitching: RHP Alexander Allen
Batting: RHB Bob Dickerson 0-0: Ball
1-0: Ground out 1-3 (Groundball, 15)
Bottom of the 5th over - 0 run(s), 0 hit(s), 0 error(s), 0 left on base; Corpus Christi 2 - Augusta 2
TOP OF THE 6TH
Corpus Christi Twins batting - Pitching for Augusta Timber Hawks : RHP Norm Burris
Batting: LHB Tim Hill 0-0: Swinging Strike
0-1: Ball
1-1: Swinging Strike
1-2: SINGLE (Line Drive, 6D)
Batting: RHB Gonzalo Núñez 0-0: Called Strike
0-1: Fielders Choice at 2nd, 1-6 (Groundball, 13)
Batting: RHB Bill McCarty 0-0: Ball
1-0: Fly out, F2 (Popup, 2LF)
Batting: LHB Juan Durán 0-0: Ball
1-0: Called Strike
1-1: Ball
2-1: Swinging Strike
2-2: Ball
3-2: Foul Ball, location: 2F
3-2: Foul Ball, location: 2F
3-2: Strikes out swinging
Top of the 6th over - 0 run(s), 1 hit(s), 0 error(s), 1 left on base; Corpus Christi 2 - Augusta 2
BOTTOM OF THE 6TH
Augusta Timber Hawks batting - Pitching for Corpus Christi Twins : RHP Alexander Allen
Batting: RHB Rob Young 0-0: Called Strike
0-1: Ball
1-1: SINGLE (Line Drive, 56D)
Batting: RHB Dave Bush 0-0: Called Strike
0-1: Called Strike
0-2: Ball
1-2: Foul Ball, location: 2F
1-2: Foul Ball, location: 2F
1-2: Ball
2-2: Foul Ball, location: 2F
2-2: Foul Ball, location: 2F
2-2: SINGLE (Flyball, 7LS)
Rob Young to second
Rob Young to third
Batting: SHB Tom Montgomery 0-0: Ball
1-0: Ball
2-0: Called Strike
2-1: Foul Ball, location: 2F
2-2: Ground out 5-3 (Groundball, 5)
Dave Bush to second
Batting: RHB Phil Hayes 0-0: Intentional Walk
Batting: RHB Juan Banda 0-0: Ball
1-0: Ball
2-0: Ball
3-0: Base on Balls
Rob Young scores
Dave Bush to third
Phil Hayes to second
Batting: LHB Jerry Burnett 0-0: Swinging Strike
0-1: Foul Ball, location: 2F
0-2: Ball
1-2: Strikes out swinging
Batting: RHB Billy Strauss 0-0: Ball
1-0: Fielders Choice at 2nd, 5-4 (Groundball, 56)
Bottom of the 6th over - 1 run(s), 2 hit(s), 0 error(s), 2 left on base; Corpus Christi 2 - Augusta 3
TOP OF THE 7TH
Corpus Christi Twins batting - Pitching for Augusta Timber Hawks : RHP Norm Burris
Batting: RHB Daniel Cooper 0-0: Ball
1-0: Ball
2-0: Called Strike
2-1: DOUBLE (Flyball, 8LXD)
Batting: LHB Don Sullivan 0-0: Called Strike
0-1: Sac Bunt - play at first, batter OUT! 1-3
Daniel Cooper to third
Pinch Hitting: LHB Michael Smith 0-0: Ball
1-0: Ball
2-0: Ball
3-0: Base on Balls
Batting: RHB Júlio Santos 0-0: Hit by Pitch
Michael Smith to second
Pinch Hitting: RHB Dale Carney 0-0: Called Strike
0-1: Fly out, F8 (Flyball, 8RXD)
Runner from 3rd tags up, SCORES, no throw
Batting: LHB Tim Hill 0-0: Hit by Pitch
Michael Smith to third
Júlio Santos to second
Batting: RHB Gonzalo Núñez 0-0: Swinging Strike
0-1: Ball
1-1: Foul Ball, location: 2F
1-2: SINGLE (Flyball, 8RS)
Michael Smith scores
Júlio Santos to third
Tim Hill to second
Batting: RHB Bill McCarty 0-0: Ball
1-0: Fielders Choice at 2nd, 6-4 (Groundball, 6D)
Top of the 7th over - 2 run(s), 2 hit(s), 0 error(s), 2 left on base; Corpus Christi 4 - Augusta 3
BOTTOM OF THE 7TH
Augusta Timber Hawks batting - Pitching for Corpus Christi Twins : RHP Alexander Allen
Now at 1B: Dale Carney
Now at SS: Chad Graham
Batting: SHB José Salazar 0-0: Called Strike
0-1: Ball
1-1: SINGLE (Line Drive, 7LS)
Batting: RHB Bob Dickerson 0-0: Ball
1-0: Foul Ball, location: 2F
1-1: Ball
2-1: Foul Ball, location: 2F
2-2: Foul Ball, location: 2F
2-2: Ball
3-2: Fly out, F9 (Flyball, 9M)
Pitching: RHP Jason Mosley
Batting: RHB Rob Young 0-0: Swinging Strike
0-1: Ball
1-1: Called Strike
1-2: Ball
2-2: Foul Ball, location: 2F
2-2: SINGLE (Line Drive, 6MD)
José Salazar to second
Batting: RHB Dave Bush 0-0: Foul Ball, location: 2F
0-1: Fly out, F8 (Flyball, 8RM)
Runner from 2nd tags up, SAFE at 3rd with throw
Batting: SHB Tom Montgomery 0-0: Called Strike
0-1: Ball
1-1: Swinging Strike
1-2: Fly out, F6 (Popup, 6)
Bottom of the 7th over - 0 run(s), 2 hit(s), 0 error(s), 2 left on base; Corpus Christi 4 - Augusta 3
TOP OF THE 8TH
Corpus Christi Twins batting - Pitching for Augusta Timber Hawks : RHP Norm Burris
Batting: LHB Juan Durán 0-0: Called Strike
0-1: Ball
1-1: Called Strike
1-2: Ball
2-2: Strikes out swinging
Pitching: RHP Bruce Nichols
Batting: RHB Daniel Cooper 0-0: Ball
1-0: SINGLE (Line Drive, 9S)
Batting: LHB Don Sullivan 0-0: Ball
Daniel Cooper is caught stealing 2nd base
1-0: Called Strike
1-1: Called Strike
1-2: Strikes out swinging
Top of the 8th over - 0 run(s), 1 hit(s), 0 error(s), 0 left on base; Corpus Christi 4 - Augusta 3
BOTTOM OF THE 8TH
Augusta Timber Hawks batting - Pitching for Corpus Christi Twins : RHP Jason Mosley
Now at C: Vincent Parker
Batting: RHB Phil Hayes 0-0: Called Strike
0-1: Ball
1-1: Ball
2-1: Swinging Strike
2-2: Ball
3-2: Base on Balls
Batting: RHB Juan Banda 0-0: Called Strike
0-1: Sac Bunt - play at second, runner OUT! 3-6
Pitching: LHP Eugene Baker
Batting: LHB Jerry Burnett 0-0: Sac Bunt - play at first, batter OUT! 1-4
Juan Banda to second
Pitching: RHP Dan Riggs
Batting: RHB Billy Strauss 0-0: Foul Ball, location: 2F
0-1: Foul Ball, location: 2F
0-2: Ball
1-2: Strikes out swinging
Bottom of the 8th over - 0 run(s), 0 hit(s), 0 error(s), 1 left on base; Corpus Christi 4 - Augusta 3
TOP OF THE 9TH
Corpus Christi Twins batting - Pitching for Augusta Timber Hawks : RHP Bruce Nichols
Batting: RHB Chad Graham 0-0: Foul Ball, location: 2F
0-1: Ball
1-1: Called Strike
1-2: Strikes out looking
Batting: RHB Vincent Parker 0-0: Called Strike
0-1: Ball
1-1: Foul Ball, location: 2F
1-2: Ball
2-2: Ball
3-2: Foul Ball, location: 2F
3-2: Fly out, F4 (Popup, 4D)
Batting: RHB Dale Carney 0-0: Ball
1-0: SINGLE (Groundball, 6MD)
Batting: LHB Tim Hill 0-0: Called Strike
0-1: Ball
1-1: Ground out 1-3 (Groundball, 15)
Top of the 9th over - 0 run(s), 1 hit(s), 0 error(s), 1 left on base; Corpus Christi 4 - Augusta 3
BOTTOM OF THE 9TH
Augusta Timber Hawks batting - Pitching for Corpus Christi Twins : RHP Dan Riggs
Pitching: RHP Reynaldo Díaz
Batting: SHB José Salazar 0-0: Foul Ball, location: 2F
0-1: Foul Ball, location: 2F
0-2: Ball
1-2: Fly out, F7 (Flyball, 78S)
Batting: RHB Bob Dickerson 0-0: Ball
1-0: Foul Ball, location: 2F
1-1: Foul Ball, location: 2F
1-2: Foul Ball, location: 2F
1-2: Foul Ball, location: 2F
1-2: Ball
2-2: Ball
3-2: Ground out 6-3 (Groundball, 6)
Batting: RHB Rob Young 0-0: Ball
1-0: Foul Ball, location: 2F
1-1: SINGLE (Flyball, 7S)
Batting: RHB Dave Bush 0-0: Ball
1-0: Ball
2-0: Ground out 5-3 (Groundball, 56S)
Bottom of the 9th over - 0 run(s), 1 hit(s), 0 error(s), 1 left on base; Corpus Christi 4 - Augusta 3
This league is powered by Out of the Park Baseball, the baseball management simulation game for PC, Mac and Linux
Monday, May 4th, 2015 - OOTP Baseball 15.6 Build 34